 Dungeon Crawl Stone Soup version 0.30-a0-377-g5cb311bc9f (webtiles) character file.

Game seed: 16345071723805443290

259 KennySheep the Chopper (level 6, -1/63 HPs)
             Began as an Ogre Gladiator on Nov 29, 2022.
             Was a Priest of Zin.
             Slain by a kobold brigand
             ... wielding a +0 short sword
              (2 damage)
             ... on level 4 of the Dungeon.
             The game lasted 00:04:43 (2872 turns).

KennySheep the Chopper (Ogre Gladiator)             Turns: 2872, Time: 00:04:43

Health: -1/63      AC:  6    Str: 19    XL:     6   Next: 17%
Magic:  0/7        EV: 10    Int:  9    God:    Zin [***...]
Gold:   152        SH:  0    Dex: 10    Spells: 5/5 levels left

rFire   . . .      SeeInvis .    a - +0 war axe
rCold   . . .      Faith    .    (no shield)
rNeg    . . .      Spirit   +    b - +0 robe
rPois   .          Reflect  .    c - +0 hat
rElec   .          Harm     .    h - +0 cloak
rCorr   .          Rampage  .    (gloves unavailable)
Will    .....                    (boots unavailable)
Stlth   +.........               i - amulet of guardian spirit
HPRegen 0.00/turn                (no ring)
MPRegen 0.10/turn                (no ring)

@: inhibited regen
A: large, unfitting armour, tough skin 1, iridescent scales 1, clumsy 1,
inhibited regeneration
a: Renounce Religion, Recite, Vitalisation, Imprison, Donate Gold


You were on level 4 of the Dungeon.
You worshipped Zin.
Zin was most pleased with you.
You visited 1 branch of the dungeon, and saw 4 of its levels.

You collected 210 gold pieces.
You spent 42 gold pieces at shops.
You donated 16 gold pieces to Zin.

Inventory:

Hand Weapons
 a - a +0 war axe (weapon)
Missiles
 d - 4 throwing nets (quivered)
 e - a large rock
Armour
 b - a +0 robe (worn)
 c - a +0 hat (worn)
 h - a +0 cloak (worn)
Jewellery
 i - an amulet of guardian spirit (around neck)
 j - a ring of protection from fire
 w - a ring of resist corrosion
Scrolls
 g - a scroll of enchant armour {unknown}
 k - a scroll of summoning {unknown}
 o - 2 scrolls of fear {unknown}
 p - a scroll of teleportation
 q - a scroll of magic mapping {unknown}
 s - a scroll of noise {unknown}
 u - a scroll of amnesia
 v - 2 scrolls of poison
Potions
 f - 2 potions of attraction
 l - 2 potions of flight
 m - a potion of mutation
 n - a potion of invisibility {unknown}
 r - a potion of curing
 t - a potion of ambrosia {unknown}
 x - a potion of degeneration {unknown}


   Skills:
 + Level 4.5 Fighting
 * Level 5.0 Axes
 + Level 3.3 Throwing
 - Level 2.6 Dodging
 + Level 2.0 Invocations


You had 5 spell levels left.
You didn't know any spells.
Your spell library contained the following spells:

 Spells                   Type           Power      Damage    Failure   Level
 Blink                    Tloc           0%         N/A       52%         2
 Momentum Strike          Conj/Tloc      0%         3d8       52%         2
 Ignite Poison            Fire/Tmut/Pois 0%         N/A       77%         3
 Kindle Blastsparks       Fire/Tloc/Air  0%         2d10      77%         3
 Lesser Beckoning         Tloc           0%         N/A       77%         3
 Freezing Cloud           Conj/Ice/Air   0%         6-21      100%        5


Dungeon Overview and Level Annotations

Branches:
Dungeon (4/15)
 Temple: D:4-7

Altars:
Zin

Shops:
D:1 [   D:2 ?


Innate Abilities, Weirdness & Mutations

You are too large for most types of armour.
You have tough skin. (AC +1)
You are partially covered in iridescent scales. (AC +2)
You are clumsy. (Dex -2)
You do not regenerate when monsters are visible.


Message History

The kobold brigand hits you but does no damage.
You barely miss the kobold brigand.
The kobold brigand is almost dead.
The kobold brigand barely misses you.
You closely miss the kobold brigand.
The kobold brigand is almost dead.
The kobold brigand hits you with a +0 short sword. x2
* * * LOW HITPOINT WARNING * * *
You closely miss the kobold brigand.
The kobold brigand is almost dead.
The kobold brigand barely misses you.
You closely miss the kobold brigand.
The kobold brigand is almost dead.
The kobold brigand hits you with a +0 short sword.
* * * LOW HITPOINT WARNING * * *
You barely miss the kobold brigand.
The kobold brigand is almost dead.
The kobold brigand hits you with a +0 short sword.
* * * LOW HITPOINT WARNING * * *
You miss the kobold brigand.
The kobold brigand is almost dead.
The kobold brigand closely misses you.
The kobold brigand hits you with a +0 short sword.
* * * LOW HITPOINT WARNING * * *
You hit the kobold brigand but do no damage.
The kobold brigand is almost dead.
The kobold brigand misses you.
You barely miss the kobold brigand.
The kobold brigand is almost dead.
The kobold brigand barely misses you.
You barely miss the kobold brigand. Your punch misses the kobold brigand.
The kobold brigand is almost dead.
The kobold brigand hits you with a +0 short sword.
* * * LOW HITPOINT WARNING * * *
You closely miss the kobold brigand.
The kobold brigand is severely wounded.
The kobold brigand hits you with a +0 short sword.
* * * LOW HITPOINT WARNING * * *
The kobold brigand hits you with a +0 short sword.
You die...

#############
#...........
#......)..#
##.........#
......K....#
.......@...#
.....>....[#
....#+###'##
### #.....#
#.##### #.#
#(# #.# #.#


You could see a kobold brigand.

Vanquished Creatures
  A phantom (D:4)
  A scorpion (D:4)
  3 gnolls (D:3)
  3 adders
  A white imp (D:4)
  An ufetubus (D:3)
  A worm (D:3)
  3 dart slugs
  4 bats
  8 endoplasms
  4 giant cockroaches
  7 goblins
  3 hobgoblins (D:1)
  2 jackals (D:3)
  4 kobolds
  3 quokkas
  3 ball pythons
  2 frilled lizards (D:1)
  6 rats
60 creatures vanquished.

Vanquished Creatures (others)
  4 toadstools (D:1)
4 creatures vanquished.

Grand Total: 64 creatures vanquished

Notes
Turn   | Place    | Note
-------+----------+-------------------------------------------
     0 | D:1      | KennySheep the Ogre Gladiator began the quest for the Orb.
     0 | D:1      | Reached XP level 1. HP: 22/22 MP: 1/1
    85 | D:1      | Reached XP level 2. HP: 23/29 MP: 2/2
   149 | D:1      | Found Wovonogo's Antique Armour Shop.
   420 | D:1      | Reached XP level 3. HP: 36/37 MP: 3/3
   658 | D:2      | Found Gifuef's Magic Scroll Shoppe.
   666 | D:2      | Bought a scroll of teleportation for 42 gold pieces
  1128 | D:2      | Found a faded altar of an unknown god.
  1135 | D:2      | Prayed at the altar of an unknown god.
  1135 | D:2      | Became a worshipper of Zin the Law-Giver
  1135 | D:2      | Reached * piety under Zin
  1302 | D:3      | Reached skill level 4 in Axes
  1302 | D:3      | Reached XP level 4. HP: 39/46 MP: 4/4
  1427 | D:3      | HP: 2/48 [gnoll/+0 flail (3)]
  1640 | D:3      | Reached skill level 1 in Invocations
  1682 | D:3      | Reached XP level 5. HP: 39/54 MP: 3/5
  1735 | D:3      | Reached ** piety under Zin
  2593 | D:4      | Noticed a phantom
  2612 | D:4      | Killed a phantom
  2613 | D:4      | Reached XP level 6. HP: 33/63 MP: 4/7
  2730 | D:4      | Gained mutation: You do not regenerate when monsters are
                  | visible. [potion of mutation]
  2730 | D:4      | Gained mutation: You are clumsy. (Dex -2) [potion of
                  | mutation]
  2730 | D:4      | Gained mutation: You are partially covered in iridescent
                  | scales. (AC +2) [potion of mutation]
  2745 | D:4      | Reached skill level 5 in Axes
  2760 | D:4      | Reached *** piety under Zin
  2872 | D:4      | HP: 1/63 [kobold brigand/+0 short sword (5)]
  2872 | D:4      | Slain by a kobold brigand

Illustrated notes

Levels and vault maps discovered:
D:1:      ldierk_water_garden, layout_rooms, serial_shops,
          nicolae_shop_statue_plus
D:2:      layout_basic, serial_shops, nicolae_square_shop,
          dilly_ecumenical_altar_fadedgnrine, minmay_worlds_worst_comb
D:3:      layout_basic, minmay_cut_off
D:4:      layout_basic

Skill      XL: |  1  2  3  4  5  6 |
---------------+-------------------+-----
Fighting       | 3 4 |  4.5
Axes           | 4 5 |  5.0
Invocations    | 1 2 |  2.0
Throwing       | 3 |  3.3
Dodging        | |  2.6

Action                   |  1- 3 |  4- 6 || total
-------------------------+-------+-------++-------
Melee: War axe           |    97 |   109 ||   206
Throw: Throwing net      |     1 |       ||     1
  Use: Potion            |       |     4 ||     4
       Scroll            |       |     2 ||     2
 Stab: Sleeping          |     1 |       ||     1
Armor: Robe              |    41 |    27 ||    68
Dodge: Dodged            |    54 |    62 ||   116

Table legend: (Time is in decaauts)
 A = Elapsed time spent in this place.
 B = Non-inter-level travel time spent in this place.
 C = Inter-level travel time spent in this place.
 D = Time resting spent in this place.
 E = Time spent auto-exploring this place.
 F = Levels seen in this place.
 G = Mean time per level.
                   A        B        C        D        E       F      G
               +--------+--------+--------+--------+--------+-----+--------+
         Total |   2934 |   2869 |     65 |      0 |   2334 |   4 |  733.5 |
       Dungeon |   2934 |   2869 |     65 |      0 |   2334 |   4 |  733.5 |
               +--------+--------+--------+--------+--------+-----+--------+

Top non-repeatable levels by time:
     D:3: 1213 daAuts
     D:2: 631 daAuts
     D:1: 552 daAuts
     D:4: 536 daAuts
